[Event "VI Floripa Open 2020"]
[Site "Florianopolis"]
[Date "2020.01.21"]
[Round "2.79"]
[White "Fante, Gabriel"]
[Black "De Moura, Sergio Jovelino"]
[Result "0-1"]
[ECO "A00"]
[WhiteElo "1673"]
[BlackElo "1943"]
[Annotator "NA"]
[PlyCount "72"]
[EventDate "2020.01.20"]
[EventType "swiss"]
[EventRounds "10"]
[EventCountry "BRA"]
[SourceTitle "playchess.com"]
[Source "ChessBase"]
[SourceQuality "1"]
[TimeControl "5400+30"]

1. d4 Nf6 2. Nf3 c5 3. d5 g6 4. c4 b5 5. cxb5 a6 6. bxa6 Bg7 7. g3 d6 8. Bg2 Nbd7 9. O-O Bxa6 10. Nc3 Nb6 11. Bg5 h6 12. Bxf6 Bxf6 13. Re1 O-O 14. e4 Nc4 15. Qc1 Kh7 16. Bf1 Qa5 17. Bxc4 Bxc4 18. e5 Bg7 19. h4 Qc7 20. Qf4 Ba6 21. exd6 Qxd6 22. Qxd6 exd6 23. Re7 Bxc3 24. bxc3 Bc4 25. Rd1 Rxa2 26. Rd2 Rxd2 27. Nxd2 Bxd5 28. c4 Be6 29. Ne4 Rd8 30. g4 Bxc4 31. g5 hxg5 32. hxg5 Be6 33. Ra7 c4 34. Kf1 d5 35. Nc3 Kg8 36. Ke2 d4 {abd} 0-1

[Event "VI Floripa Open 2020"]
[Site "Florianopolis"]
[Date "2020.01.21"]
[Round "2.80"]
[White "Peixoto, Rudson Marinho"]
[Black "Damasceno, Enzo De Carvalho"]
[Result "1-0"]
[ECO "A00"]
[WhiteElo "1938"]
[BlackElo "1687"]
[Annotator "NA"]
[PlyCount "60"]
[EventDate "2020.01.20"]
[EventType "swiss"]
[EventRounds "10"]
[EventCountry "BRA"]
[SourceTitle "playchess.com"]
[Source "ChessBase"]
[SourceQuality "1"]
[TimeControl "5400+30"]

1. e4 c5 2. Nf3 Nf6 3. Bc4 d6 4. h3 Nc6 5. Nc3 a6 6. a4 e6 7. O-O Nxe4 8. Nxe4 d5 9. Bd3 dxe4 10. Bxe4 Be7 11. Bxc6+ bxc6 12. d3 O-O 13. Ne5 Qc7 14. Re1 Bb7 15. a5 Rad8 16. Nc4 Bf6 17. Qf3 Rd4 18. c3 Rd5 19. Bf4 Qd8 20. Rad1 Bg5 21. Ne3 Bxf4 22. Nxd5 cxd5 23. Qxf4 Qxa5 24. b4 cxb4 25. Rb1 Bc6 26. Rxb4 h6 27. Reb1 Qa2 28. c4 Qc2 29. Qc7 Bb5 30. Qb6 e5 1-0

[Event "VI Floripa Open 2020"]
[Site "Florianopolis"]
[Date "2020.01.21"]
[Round "2.81"]
[White "Correa, Joao Pedro Vieira"]
[Black "Pertuzatti, Daniel"]
[Result "1-0"]
[ECO "A00"]
[WhiteElo "1665"]
[BlackElo "1937"]
[Annotator "NA"]
[PlyCount "67"]
[EventDate "2020.01.20"]
[EventType "swiss"]
[EventRounds "10"]
[EventCountry "BRA"]
[SourceTitle "playchess.com"]
[Source "ChessBase"]
[SourceQuality "1"]
[TimeControl "5400+30"]

1. e4 Nf6 2. e5 Nd5 3. c4 Nb6 4. d4 d6 5. exd6 cxd6 6. Nc3 g6 7. Be3 Bg7 8. Rc1 O-O 9. b3 e5 10. dxe5 dxe5 11. Qxd8 Rxd8 12. c5 Nd5 13. Rd1 Be6 14. Bc4 Nc6 15. Nxd5 Nd4 16. Bxd4 exd4 17. Nb4 Re8 18. Kd2 Bf5 19. Nd3 Rac8 20. Re1 Bh6+ 21. Kd1 Rxe1+ 22. Kxe1 Bxd3 23. Bxd3 Rxc5 24. Ne2 f5 25. f4 Bg7 26. Kf2 Kf7 27. Rc1 Rc6 28. Rxc6 bxc6 29. Bc4+ Ke7 30. b4 h6 31. Ke1 Kd6 32. Kd2 c5 33. a3 cxb4 34. axb4 {abd} 1-0

[Event "VI Floripa Open 2020"]
[Site "Florianopolis"]
[Date "2020.01.21"]
[Round "2.82"]
[White "Bastos, Guilherme Exterhotte"]
[Black "Wilberger, Marcelo"]
[Result "1/2-1/2"]
[ECO "A00"]
[WhiteElo "1937"]
[BlackElo "1673"]
[Annotator "NA"]
[PlyCount "36"]
[EventDate "2020.01.20"]
[EventType "swiss"]
[EventRounds "10"]
[EventCountry "BRA"]
[SourceTitle "playchess.com"]
[Source "ChessBase"]
[SourceQuality "1"]
[TimeControl "5400+30"]

1. d4 Nf6 2. Bf4 g6 3. Nd2 d5 4. e3 Bg7 5. h3 c5 6. Ngf3 O-O 7. Be2 Nc6 8. c3 Qb6 9. Qb3 c4 10. Qxb6 axb6 11. O-O b5 12. a3 Bf5 13. Rfe1 Ra6 14. Rec1 h6 15. Bd1 g5 16. Bg3 Ne4 17. Nxe4 Bxe4 18. Bc2 f5 $11 1/2-1/2

[Event "VI Floripa Open 2020"]
[Site "Florianopolis"]
[Date "2020.01.21"]
[Round "2.83"]
[White "Herbst Neto, Eugenio"]
[Black "Formolo, Rafael Marcos"]
[Result "1-0"]
[ECO "A00"]
[WhiteElo "1930"]
[BlackElo "1665"]
[Annotator "NA"]
[PlyCount "42"]
[EventDate "2020.01.20"]
[EventType "swiss"]
[EventRounds "10"]
[EventCountry "BRA"]
[SourceTitle "playchess.com"]
[Source "ChessBase"]
[SourceQuality "1"]
[TimeControl "5400+30"]

1. d4 Nf6 2. Nf3 g6 3. g3 Bg7 4. c4 c6 5. Bg2 d5 6. O-O O-O 7. cxd5 cxd5 8. Nc3 Nc6 9. Bf4 Nh5 10. Qd2 Nxf4 11. gxf4 Bf5 12. Rfd1 e6 13. Rac1 Qa5 14. Ne5 Nxe5 15. fxe5 f6 16. exf6 Bxf6 17. Ne4 Qd8 18. Nxf6+ Qxf6 19. Rc7 Qh4 20. Qe3 Rad8 21. Qe5 Rf6 {Ilegível} 1-0

[Event "VI Floripa Open 2020"]
[Site "Florianopolis"]
[Date "2020.01.21"]
[Round "2.85"]
[White "Souza dos Santos, Matheus Garcett"]
[Black "Parreira, Teodora Ribeiro"]
[Result "1-0"]
[ECO "A00"]
[WhiteElo "1927"]
[BlackElo "1660"]
[Annotator "NA"]
[PlyCount "53"]
[EventDate "2020.01.20"]
[EventType "swiss"]
[EventRounds "10"]
[EventCountry "BRA"]
[SourceTitle "playchess.com"]
[Source "ChessBase"]
[SourceQuality "1"]
[TimeControl "5400+30"]

1. Nf3 Nf6 2. g3 g6 3. Bg2 Bg7 4. O-O O-O 5. d3 d5 6. Nbd2 c5 7. Re1 Nc6 8. e4 h6 9. Qe2 Bg4 10. c3 dxe4 11. dxe4 Ne5 12. h3 Bxf3 13. Nxf3 Nd3 14. Rd1 Nxc1 15. Raxc1 Qc7 16. e5 Nd7 17. e6 Nb6 18. Nh4 Bf6 19. exf7+ Rxf7 20. Nxg6 Kg7 21. Nf4 Qe5 22. Qg4+ Bg5 23. Re1 Qf5 24. Rxe7 Qxg4 25. Rxf7+ Kxf7 26. hxg4 Nc4 27. Bd5+ {abd} 1-0

[Event "VI Floripa Open 2020"]
[Site "Florianopolis"]
[Date "2020.01.21"]
[Round "2.87"]
[White "Da Silva Junior, Marco Aurelio"]
[Black "Moyses Sobrinho, Elias"]
[Result "1-0"]
[ECO "A00"]
[WhiteElo "1651"]
[BlackElo "1926"]
[Annotator "NA"]
[PlyCount "61"]
[EventDate "2020.01.20"]
[EventType "swiss"]
[EventRounds "10"]
[EventCountry "BRA"]
[SourceTitle "playchess.com"]
[Source "ChessBase"]
[SourceQuality "1"]
[TimeControl "5400+30"]

1. Nf3 d5 2. g3 c5 3. Bg2 Nc6 4. d4 e6 5. O-O Nf6 6. b3 Qb6 7. e3 cxd4 8. exd4 Ne4 9. Be3 Bb4 10. c4 Nc3 11. Nxc3 Bxc3 12. Rc1 Bb2 13. Rb1 Ba3 14. cxd5 exd5 15. Ng5 Ne7 16. b4 h6 17. Qa4+ Bd7 18. Qxa3 hxg5 19. Bxg5 f6 20. Be3 Bh3 21. Qa4+ Kf7 22. Bxh3 Rxh3 23. Qd7 Rah8 24. Rfe1 Qe6 25. Qxb7 Rxh2 26. Bh6 Qd6 27. Kxh2 Rxh6+ 28. Kg2 f5 29. Re5 f4 30. Rbe1 Qa6 31. Qxe7+ {abd} 1-0

[Event "VI Floripa Open 2020"]
[Site "Florianopolis"]
[Date "2020.01.21"]
[Round "2.88"]
[White "Cardoso Junior, Cicero Assuncao"]
[Black "Lima, Vinicius Taishun"]
[Result "1/2-1/2"]
[ECO "A00"]
[WhiteElo "1920"]
[BlackElo "1658"]
[Annotator "NA"]
[PlyCount "90"]
[EventDate "2020.01.20"]
[EventType "swiss"]
[EventRounds "10"]
[EventCountry "BRA"]
[SourceTitle "playchess.com"]
[Source "ChessBase"]
[SourceQuality "1"]
[TimeControl "5400+30"]

1. d4 d5 2. Nf3 c6 3. c4 f5 4. cxd5 cxd5 5. Nc3 e6 6. g3 Nf6 7. Bg2 Be7 8. O-O O-O 9. Bg5 h6 10. Bxf6 Bxf6 11. e3 Nc6 12. Rb1 Bd7 13. Na4 Rc8 14. b4 b6 15. a3 Qe8 16. Nb2 Nd8 17. Re1 Nb7 18. Bf1 Nd6 19. Qb3 Bb5 20. Bxb5 Nxb5 21. Rbc1 Qd7 22. a4 Nd6 23. b5 Rxc1 24. Rxc1 Rc8 25. Rc2 Kh7 26. Nd3 Nc4 27. Nb4 Na5 28. Qd3 Rc4 29. Rxc4 Nxc4 30. Nc6 Kg8 31. Kg2 Qc7 32. Qb3 Kh7 33. h3 Kg8 34. Qd3 Qd7 35. Nfe5 Bxe5 36. dxe5 Qc7 37. f4 Qd7 38. g4 g6 39. Kg3 Qc7 40. h4 Qf7 41. g5 h5 42. Kf2 Qc7 43. Qc3 Kg7 44. Ke2 Kg8 45. Qb4 Kf7 1/2-1/2

[Event "VI Floripa Open 2020"]
[Site "Florianopolis"]
[Date "2020.01.21"]
[Round "2.89"]
[White "Allo Collante, Enrique"]
[Black "Soares, Gustavo Henrique"]
[Result "1/2-1/2"]
[ECO "A00"]
[WhiteElo "1641"]
[BlackElo "1914"]
[Annotator "NA"]
[PlyCount "80"]
[EventDate "2020.01.20"]
[EventType "swiss"]
[EventRounds "10"]
[EventCountry "BRA"]
[SourceTitle "playchess.com"]
[Source "ChessBase"]
[SourceQuality "1"]
[TimeControl "5400+30"]

1. c4 c5 2. g3 Nc6 3. Bg2 g6 4. Nf3 e5 5. Nc3 Bg7 6. O-O Nge7 7. Ne1 O-O 8. a3 a5 9. Nc2 d6 10. Ne3 Be6 11. d3 Rb8 12. Ned5 Na7 13. Bg5 f6 14. Be3 Bxd5 15. Nxd5 Nxd5 16. Bxd5+ Kh8 17. b4 b6 18. Qa4 Nc8 19. bxa5 bxa5 20. Bd2 Nb6 21. Qxa5 Nxd5 22. Qxd8 Rfxd8 23. cxd5 Rb2 24. Bc3 Rxe2 25. Rfc1 e4 26. dxe4 Rxe4 27. a4 f5 28. a5 Bxc3 29. Rxc3 Rb8 30. f3 Re7 31. Kf2 Rb2+ 32. Kg1 Kg7 33. Rcc1 Kf7 34. Rf1 Ke8 35. Rf2 Rxf2 36. Kxf2 Rb7 37. Ke3 Kd7 38. Kf4 h6 39. g4 Rb4+ 40. Kg3 f4+ 1/2-1/2

[Event "VI Floripa Open 2020"]
[Site "Florianopolis"]
[Date "2020.01.21"]
[Round "2.94"]
[White "Araujo, Renan Aparecido"]
[Black "Cezar, Ricardo De Almeida"]
[Result "1-0"]
[ECO "A00"]
[WhiteElo "1903"]
[BlackElo "1644"]
[Annotator "NA"]
[PlyCount "51"]
[EventDate "2020.01.20"]
[EventType "swiss"]
[EventRounds "10"]
[EventCountry "BRA"]
[SourceTitle "playchess.com"]
[Source "ChessBase"]
[SourceQuality "1"]
[TimeControl "5400+30"]

1. e4 e5 2. Nf3 Nf6 3. Nxe5 d6 4. Nf3 Nxe4 5. Nc3 Nxc3 6. dxc3 Be7 7. Be3 O-O 8. Qd2 Nd7 9. O-O-O Nf6 10. Bd3 c5 11. Kb1 b5 12. Rhe1 d5 13. h3 c4 14. Bf1 a5 15. Bg5 Ne4 16. Qxd5 Qxd5 17. Rxd5 Nxg5 18. Nxg5 Ra7 19. Rxb5 Ba6 20. Rxa5 Rb8 21. Rxa6 Rxa6 22. Rxe7 Rd6 23. Kc1 Rbd8 24. Re1 Rc6 25. Nf3 Ra8 26. Nd2 {abd} 1-0

[Event "VI Floripa Open 2020"]
[Site "Florianopolis"]
[Date "2020.01.21"]
[Round "2.96"]
[White "Neitzel, Jonatan"]
[Black "Cardoso, Marcio De Lucca"]
[Result "0-1"]
[ECO "A00"]
[WhiteElo "1619"]
[BlackElo "1896"]
[Annotator "NA"]
[PlyCount "48"]
[EventDate "2020.01.20"]
[EventType "swiss"]
[EventRounds "10"]
[EventCountry "BRA"]
[SourceTitle "playchess.com"]
[Source "ChessBase"]
[SourceQuality "1"]
[TimeControl "5400+30"]

1. d4 Nf6 2. Bf4 g6 3. Nf3 Bg7 4. Nc3 d6 5. e4 b6 6. h3 Bb7 7. Bd3 O-O 8. O-O c5 9. d5 Na6 10. Qe2 Nc7 11. Qe3 e6 12. dxe6 fxe6 13. e5 Nfd5 14. Nxd5 Nxd5 15. Bg5 Nxe3 16. Bxd8 Nxf1 17. Be7 Rxf3 18. gxf3 Nd2 19. exd6 Nxf3+ 20. Kf1 Kf7 21. Rd1 Bc6 22. c3 Bf6 23. Bxf6 Kxf6 24. d7 Rd8 {abd} 0-1

[Event "VI Floripa Open 2020"]
[Site "Florianopolis"]
[Date "2020.01.21"]
[Round "2.99"]
[White "Borges, Leonardo Hisao Herai"]
[Black "Nobre, Jose Adalberto Barbo"]
[Result "1-0"]
[ECO "A00"]
[WhiteElo "1890"]
[BlackElo "1632"]
[Annotator "NA"]
[PlyCount "49"]
[EventDate "2020.01.20"]
[EventType "swiss"]
[EventRounds "10"]
[EventCountry "BRA"]
[SourceTitle "playchess.com"]
[Source "ChessBase"]
[SourceQuality "1"]
[TimeControl "5400+30"]

1. Nf3 Nf6 2. g3 g6 3. b3 Bg7 4. Bg2 d6 5. d4 Bg4 6. Bb2 c6 7. Nbd2 Bxf3 8. Nxf3 Nbd7 9. O-O O-O 10. c4 Rc8 11. Nd2 e5 12. d5 h5 13. e4 cxd5 14. cxd5 Nc5 15. Qe2 a6 16. f4 Nfd7 17. Bh3 b5 18. Nf3 Qe7 19. fxe5 Nxe5 20. Nxe5 Bxe5 21. Bxe5 Qxe5 22. Bxc8 Rxc8 23. Rae1 Qd4+ 24. Qe3 Qe5 25. Qf3 1-0

[Event "VI Floripa Open 2020"]
[Site "Florianopolis"]
[Date "2020.01.21"]
[Round "2.100"]
[White "Zampier, Alexandre"]
[Black "Morgado, Leandro Batista"]
[Result "0-1"]
[ECO "A00"]
[WhiteElo "1597"]
[BlackElo "1888"]
[Annotator "NA"]
[PlyCount "44"]
[EventDate "2020.01.20"]
[EventType "swiss"]
[EventRounds "10"]
[EventCountry "BRA"]
[SourceTitle "playchess.com"]
[Source "ChessBase"]
[SourceQuality "1"]
[TimeControl "5400+30"]

1. b4 d5 2. Bb2 Nf6 3. e3 Bg4 4. Be2 Bxe2 5. Qxe2 c6 6. Nf3 e6 7. a3 Bd6 8. O-O Nbd7 9. d3 e5 10. Nbd2 O-O 11. Rfe1 Re8 12. Qd1 a5 13. bxa5 Qxa5 14. c4 e4 15. Nb3 Qc7 16. dxe4 dxe4 17. Nfd2 Bxh2+ 18. Kf1 Be5 19. Nd4 Nc5 20. Qc2 Nd3 21. Nxe4 Bxd4 22. Nxf6+ Bxf6 {abd} 0-1

[Event "VI Floripa Open 2020"]
[Site "Florianopolis"]
[Date "2020.01.21"]
[Round "2.101"]
[White "Barbosa, Flavio Novais"]
[Black "Bocca, Edson Ricardo"]
[Result "1-0"]
[ECO "A00"]
[WhiteElo "1885"]
[BlackElo "1620"]
[Annotator "NA"]
[PlyCount "66"]
[EventDate "2020.01.20"]
[EventType "swiss"]
[EventRounds "10"]
[EventCountry "BRA"]
[SourceTitle "playchess.com"]
[Source "ChessBase"]
[SourceQuality "1"]
[TimeControl "5400+30"]

1. d4 d5 2. c4 Nf6 3. Nf3 e6 4. g3 Bb4+ 5. Bd2 Bxd2+ 6. Nbxd2 O-O 7. Bg2 Nc6 8. O-O h6 9. Qc2 dxc4 10. e3 Ne7 11. Nxc4 c6 12. b4 Ned5 13. Rab1 Nb6 14. Nce5 Nbd7 15. Nd3 Nd5 16. Rfc1 a6 17. Nd2 h5 18. Nc4 h4 19. Qe2 Qg5 20. Nd2 Qe7 21. Nc4 Qg5 22. Nc5 hxg3 23. hxg3 g6 24. Nd6 Nxc5 25. bxc5 Rb8 26. Rb3 Qe7 27. Rcb1 b5 28. e4 Nf6 29. e5 Nd5 30. Qg4 Bd7 31. Rf3 Be8 32. Re1 a5 33. Re4 Kg7 {Falta Lance} 1-0

[Event "VI Floripa Open 2020"]
[Site "Florianopolis"]
[Date "2020.01.21"]
[Round "2.102"]
[White "Moro, Antonio Renato Perei"]
[Black "Colaco, Willian Wagner Soare"]
[Result "0-1"]
[ECO "A00"]
[WhiteElo "1880"]
[BlackElo "1606"]
[Annotator "NA"]
[PlyCount "115"]
[EventDate "2020.01.20"]
[EventType "swiss"]
[EventRounds "10"]
[EventCountry "BRA"]
[SourceTitle "playchess.com"]
[Source "ChessBase"]
[SourceQuality "1"]
[TimeControl "5400+30"]

1. e4 e6 2. Nf3 d5 3. e5 c5 4. b4 cxb4 5. a3 Nc6 6. axb4 Bxb4 7. c3 Ba5 8. Ba3 Nge7 9. Bd3 Bc7 10. Qe2 b6 11. Bb5 Bb7 12. Nd4 Qd7 13. Bxe7 Kxe7 14. Qh5 g6 15. Qe2 Rhc8 16. O-O Nxd4 17. cxd4 Bc6 18. Ba6 Rcb8 19. Nc3 b5 20. Rfb1 b4 21. Na2 b3 22. Nc3 Rb4 23. Qd3 h6 24. Qe3 Rab8 25. Rb2 Bb6 26. Ne2 Bb5 27. Rxb3 Rxb3 28. Qxb3 Bxe2 29. Qa3+ Ke8 30. Bxe2 Bxd4 31. Rd1 Bxe5 32. g3 Qe7 33. Qe3 Bg7 34. d4 Qb4 35. Bd3 Kf8 36. Qf4 g5 37. Qc7 Qb6 38. Qc3 Bxd4 39. Qe1 Qb4 40. Qe2 Qb2 41. Qf3 Qc3 42. Qh5 Bg7 43. h4 a5 44. hxg5 hxg5 45. Qxg5 Qf6 46. Qc1 Qc3 47. Qf4 Qb4 48. Qg5 Qe7 49. Qd2 a4 50. Qa5 a3 51. Rb1 Bb2 52. Kg2 Qb4 53. Qa7 Qb6 54. Qa4 Qb3 55. Qa7 a2 56. Rh1 a1=Q 57. Rxa1 Bxa1 58. Qxa1 0-1

[Event "VI Floripa Open 2020"]
[Site "Florianopolis"]
[Date "2020.01.21"]
[Round "2.103"]
[White "Santana Magalhaes, Amanda Borges"]
[Black "Madeu, Fernando Antonio de "]
[Result "0-1"]
[ECO "A00"]
[WhiteElo "1584"]
[BlackElo "1879"]
[Annotator "NA"]
[PlyCount "46"]
[EventDate "2020.01.20"]
[EventType "swiss"]
[EventRounds "10"]
[EventCountry "BRA"]
[SourceTitle "playchess.com"]
[Source "ChessBase"]
[SourceQuality "1"]
[TimeControl "5400+30"]

1. e4 e5 2. Nf3 Nc6 3. Bc4 Nf6 4. d3 Bc5 5. O-O d6 6. h3 a6 7. Bg5 h6 8. Bh4 g5 9. Bg3 g4 10. hxg4 Bxg4 11. c3 Qd7 12. b4 Ba7 13. Bh4 Nh7 14. Nbd2 Ng5 15. a4 Rg8 16. Bxg5 Rxg5 17. b5 Ne7 18. Bxf7+ Kf8 19. Be6 Qxe6 20. Nxg5 hxg5 21. Qc2 Kg7 22. Nb3 Rh8 23. d4 Bf3 0-1

[Event "VI Floripa Open 2020"]
[Site "Florianopolis"]
[Date "2020.01.21"]
[Round "2.104"]
[White "Caporale, Giuseppe Guido"]
[Black "Soares, Renan Barbosa Montei"]
[Result "0-1"]
[ECO "A00"]
[WhiteElo "1581"]
[BlackElo "1876"]
[Annotator "NA"]
[PlyCount "36"]
[EventDate "2020.01.20"]
[EventType "swiss"]
[EventRounds "10"]
[EventCountry "BRA"]
[SourceTitle "playchess.com"]
[Source "ChessBase"]
[SourceQuality "1"]
[TimeControl "5400+30"]

1. e4 c5 2. Nf3 d6 3. d4 cxd4 4. Nxd4 Nf6 5. Nc3 Nc6 6. Bb5 Bd7 7. Bg5 e6 8. O-O Be7 9. Nf3 a6 10. Bd3 O-O 11. Re1 Qc7 12. Qd2 Rac8 13. a3 Na5 14. e5 dxe5 15. Nxe5 Rfd8 16. Qe2 Bb5 17. Nxb5 axb5 18. Red1 Qd6 {Ilegível} 0-1

[Event "VI Floripa Open 2020"]
[Site "Florianopolis"]
[Date "2020.01.21"]
[Round "2.105"]
[White "Rosa, Gabriel Redon"]
[Black "Correa, Jose Augusto"]
[Result "0-1"]
[ECO "A00"]
[WhiteElo "1576"]
[BlackElo "1870"]
[Annotator "NA"]
[PlyCount "40"]
[EventDate "2020.01.20"]
[EventType "swiss"]
[EventRounds "10"]
[EventCountry "BRA"]
[SourceTitle "playchess.com"]
[Source "ChessBase"]
[SourceQuality "1"]
[TimeControl "5400+30"]

1. e4 c5 2. Nf3 g6 3. d4 cxd4 4. Nxd4 Bg7 5. Nc3 Nc6 6. Be3 Nf6 7. f3 O-O 8. Qd2 d5 9. exd5 Nxd5 10. Nxc6 bxc6 11. O-O-O Bxc3 12. bxc3 Qa5 13. Bc4 Qa3+ 14. Kb1 Nxc3+ 15. Ka1 Be6 16. Bb3 Nxa2 17. Bc5 Qxc5 18. Kb2 Rab8 19. h4 Rb6 20. h5 Ra6 {abd} 0-1

[Event "VI Floripa Open 2020"]
[Site "Florianopolis"]
[Date "2020.01.21"]
[Round "2.107"]
[White "Silva, Janderson Rossi Da"]
[Black "Bidigaray, Marcio"]
[Result "1-0"]
[ECO "A00"]
[WhiteElo "1863"]
[BlackElo "1602"]
[Annotator "NA"]
[PlyCount "58"]
[EventDate "2020.01.20"]
[EventType "swiss"]
[EventRounds "10"]
[EventCountry "BRA"]
[SourceTitle "playchess.com"]
[Source "ChessBase"]
[SourceQuality "1"]
[TimeControl "5400+30"]

1. e4 e5 2. Nf3 Nc6 3. d4 exd4 4. Nxd4 Bc5 5. Nb3 Bb6 6. Nc3 Nf6 7. Bg5 d6 8. Be2 h6 9. Bh4 Be6 10. O-O g5 11. Bg3 Qd7 12. Qd2 Bg4 13. Rfe1 Bxe2 14. Rxe2 O-O-O 15. Nd5 Nxd5 16. exd5 Ne5 17. Rae1 f6 18. Nd4 Bxd4 19. Qxd4 Kb8 20. f4 gxf4 21. Qxf4 Rdf8 22. c4 Nd3 23. Qd4 Nxe1 24. Rxe1 Rf7 25. Re6 Re8 26. Rxf6 Rxf6 27. Qxf6 Qh7 28. h3 b6 29. Kh2 Rg8 1-0

[Event "VI Floripa Open 2020"]
[Site "Florianopolis"]
[Date "2020.01.21"]
[Round "2.108"]
[White "Souza, Neurismar Da Rocha"]
[Black "Filho, Marcelo Adriano Nune"]
[Result "0-1"]
[ECO "B01"]
[WhiteElo "1535"]
[BlackElo "1862"]
[Annotator "NA"]
[PlyCount "110"]
[EventDate "2020.01.20"]
[EventType "swiss"]
[EventRounds "10"]
[EventCountry "BRA"]
[SourceTitle "playchess.com"]
[Source "ChessBase"]
[SourceQuality "1"]
[TimeControl "5400+30"]

1. e4 d5 2. exd5 Nf6 3. Nf3 Nxd5 4. d4 g6 5. c3 Bg7 6. Qb3 O-O 7. Bg5 c6 8. Bc4 a5 9. a4 Nb6 10. O-O Nxc4 11. Qxc4 Be6 12. Qe2 Nd7 13. Nbd2 Re8 14. Rfe1 Qc7 15. Qd3 Bf5 16. Qc4 e5 17. dxe5 Nxe5 18. Nxe5 Bxe5 19. Nf3 Bg7 20. Re2 Be6 21. Qd3 Qd7 22. Qxd7 Bxd7 23. Rd2 Be6 24. Nd4 Bd5 25. f3 Be5 26. Kf2 h5 27. h4 f6 28. Be3 Re7 29. Rad1 Rae8 30. Re1 Kf7 31. Rc2 f5 32. Rcc1 Bg3+ 33. Kxg3 Rxe3 34. Rxe3 Rxe3 35. Kf2 Re7 36. Re1 Rd7 37. Ke3 c5 38. Ne2 Bb3 39. Ra1 Re7+ 40. Kd2 Rd7+ 41. Ke3 Kf6 42. Nc1 Bd5 43. Nd3 b6 44. Rc1 Bb3 45. Ra1 Re7+ 46. Kf2 g5 47. hxg5+ Kxg5 48. Ne1 Bc4 49. b3 Be6 50. Rb1 Rd7 51. Ke2 f4 52. Rb2 Re7 53. Kf2 Bf5 54. Re2 Rxe2+ 55. Kxe2 Kh4 {Ilegivel} 0-1

[Event "VI Floripa Open 2020"]
[Site "Florianopolis"]
[Date "2020.01.21"]
[Round "2.109"]
[White "Do Amaral, Gabriel Barbosa"]
[Black "Monteiro, Daniel Zotelli"]
[Result "1-0"]
[ECO "C50"]
[WhiteElo "1861"]
[BlackElo "1590"]
[Annotator "NA"]
[PlyCount "66"]
[EventDate "2020.01.20"]
[EventType "swiss"]
[EventRounds "10"]
[EventCountry "BRA"]
[SourceTitle "playchess.com"]
[Source "ChessBase"]
[SourceQuality "1"]
[TimeControl "5400+30"]

1. e4 e5 2. Nf3 Nc6 3. Bc4 Be7 4. c3 d6 5. O-O Bg4 6. d3 Na5 7. Bb5+ c6 8. Ba4 b5 9. Bc2 h6 10. b4 Nb7 11. Nbd2 a5 12. Bb2 Bg5 13. Qe1 a4 14. a3 Bf4 15. d4 Qe7 16. Bd3 Rc8 17. h3 Bd7 18. c4 Nf6 19. Qe2 bxc4 20. Nxc4 exd4 21. Qc2 c5 22. e5 dxe5 23. Nfxe5 O-O 24. Rfe1 Bxe5 25. Rxe5 Be6 26. Qxa4 cxb4 27. axb4 Ra8 28. Qc2 Rxa1+ 29. Bxa1 Nd5 30. Bxd4 Nf4 31. Bh7+ Kh8 32. Re4 Qxb4 33. Bxg7+ Kxg7 1-0

[Event "VI Floripa Open 2020"]
[Site "Florianopolis"]
[Date "2020.01.21"]
[Round "2.110"]
[White "Kojima, Rodrigo Yosuke"]
[Black "Aoyama, Edmundo"]
[Result "1/2-1/2"]
[ECO "D02"]
[WhiteElo "1513"]
[BlackElo "1857"]
[Annotator "NA"]
[PlyCount "119"]
[EventDate "2020.01.20"]
[EventType "swiss"]
[EventRounds "10"]
[EventCountry "BRA"]
[SourceTitle "playchess.com"]
[Source "ChessBase"]
[SourceQuality "1"]
[TimeControl "5400+30"]

1. d4 Nf6 2. Bf4 e6 3. Nf3 c5 4. e3 Nc6 5. c3 Be7 6. Nbd2 d5 7. Bd3 O-O 8. O-O b6 9. Ne5 Bb7 10. Bg3 g6 11. f4 Nd7 12. Qg4 f5 13. Qh3 Ndxe5 14. fxe5 Bg5 15. Bf4 Bxf4 16. Rxf4 g5 17. Rf2 g4 18. Qh6 Qe7 19. h3 gxh3 20. Qxh3 Kh8 21. Rf4 Rg8 22. Kf2 Rg7 23. Rg1 Rag8 24. Nf1 Rg4 25. Rxg4 Rxg4 26. g3 cxd4 27. exd4 Rg7 28. Qh4 Qf7 29. Rh1 Ne7 30. Qf6 Ng6 31. Qxf7 Rxf7 32. Ke1 Kg7 33. Nd2 Bc6 34. Nf3 h6 35. Nh4 Nf8 36. Rg1 Nh7 37. g4 f4 38. Bxh7 Kxh7 39. g5 hxg5 40. Rxg5 Kh6 41. Rg6+ Kh5 42. Rxe6 Bd7 43. Rf6 Rxf6 44. exf6 Be6 45. Ng2 Kg5 46. Kf2 Bf7 47. a3 Kf5 48. Kf3 Bh5+ 49. Kf2 Ke4 50. Ne1 a5 51. b4 axb4 52. axb4 f3 53. Nxf3 Kd3 54. Ne5+ Kxc3 55. Ke3 Kxb4 56. f7 Bxf7 57. Nxf7 Kc4 58. Nd6+ Kc3 59. Nb5+ Kc4 60. Nc7 1/2-1/2

[Event "VI Floripa Open 2020"]
[Site "Florianopolis"]
[Date "2020.01.21"]
[Round "2.111"]
[White "Ulrich, Henning"]
[Black "Grillo, Carlos Henrique Gome"]
[Result "1-0"]
[ECO "B70"]
[WhiteElo "1855"]
[BlackElo "1950"]
[Annotator "NA"]
[PlyCount "67"]
[EventDate "2020.01.20"]
[EventType "swiss"]
[EventRounds "10"]
[EventCountry "BRA"]
[SourceTitle "playchess.com"]
[Source "ChessBase"]
[SourceQuality "1"]
[TimeControl "5400+30"]

1. e4 c5 2. Nf3 d6 3. d4 cxd4 4. Nxd4 Nf6 5. Nc3 g6 6. Be2 e6 7. O-O Be7 8. Be3 O-O 9. f4 Qc7 10. Bf3 Bd7 11. Kh1 Nc6 12. Qe1 Na5 13. Rd1 Nc4 14. Bc1 Rab8 15. b3 Na5 16. Bd2 Nc6 17. Nxc6 Bxc6 18. Qg3 Kh8 19. e5 Nd7 20. exd6 Bxd6 21. Ne4 Bxe4 22. Bxe4 Nc5 23. Qf3 Rfc8 24. c4 Nxe4 25. Qxe4 Kg8 26. Qe2 Rd8 27. Bc3 Rd7 28. Rd3 a6 29. Rfd1 Rbd8 30. Qd2 Kf8 31. f5 exf5 32. Qg5 Be5 33. Bb4+ Ke8 34. Qe7+ 1-0

[Event "VI Floripa Open 2020"]
[Site "Florianopolis"]
[Date "2020.01.21"]
[Round "2.112"]
[White "Asth, Antonio Luiz Braga"]
[Black "Felix, Luiza de Oliveira"]
[Result "1-0"]
[ECO "B73"]
[WhiteElo "1852"]
[BlackElo "1570"]
[Annotator "NA"]
[PlyCount "57"]
[EventDate "2020.01.20"]
[EventType "swiss"]
[EventRounds "10"]
[EventCountry "BRA"]
[SourceTitle "playchess.com"]
[Source "ChessBase"]
[SourceQuality "1"]
[TimeControl "5400+30"]

1. e4 c5 2. Nf3 Nc6 3. d4 cxd4 4. Nxd4 g6 5. Nc3 Bg7 6. Be3 Nf6 7. Be2 O-O 8. O-O d6 9. a3 Bd7 10. Kh1 Rc8 11. f3 a6 12. Qe1 Qc7 13. Qf2 b5 14. Nxc6 Qxc6 15. Rfd1 Be6 16. Bd4 Rfd8 17. Bb6 Rd7 18. Bd4 Rb7 19. f4 Ng4 20. Qg3 Bxd4 21. Rxd4 Qc5 22. Rad1 b4 23. Na4 Qxc2 24. Bxg4 Qxa4 25. f5 Bd7 26. e5 dxe5 27. Rxd7 Re8 28. fxg6 Qxd1+ 29. Rxd1 1-0